 Dungeon Crawl Stone Soup version 0.13-a0-3016-gcb2faac (webtiles) character file.

202 PolkaDot the Ruinous (level 4, -4/28 HPs)
             Began as a Vampire Wizard on Sept 14, 2013.
             Slain by an orc priest
             ... wielding a +0,+1 orcish war axe
              (6 damage)
             ... on Level 3 of the Dungeon.
             The game lasted 00:10:05 (2456 turns).

PolkaDot the Ruinous (Vampire Wizard)               Turns: 2456, Time: 00:10:05

HP  -4/28        AC  2     Str  6      XL: 4   Next: 85%
MP   0/12        EV 18     Int 21      God:
Gold 75          SH  0     Dex 20      Spells:  3 memorised,  2 levels left

Res.Fire  : . . .   See Invis. : +   l - +2,+1 dagger (flame)
Res.Cold  : . . .   Warding    : .   a - +0 robe
Life Prot.: . . .   Conserve   : .   (no shield)
Res.Poison: .       Res.Corr.  : .   b - +0 wizard hat
Res.Elec. : .       Clarity    : .   (no cloak)
Sust.Abil.: . .     Spirit.Shd : .   (no gloves)
Res.Mut.  : .       Stasis     : .   (no boots)
Res.Rott. : .       Flight     : .   (no amulet)
Saprovore : . . .                    (no ring)
                                     f - +3 ring of dexterity

@: regenerating quickly, agile, slightly resistant to hostile enchantments, very
stealthy
A: fangs 3, see invisible, unbreathing
a: no special abilities


You were on level 3 of the Dungeon.
You were very full.

You visited 1 branch of the dungeon, and saw 3 of its levels.

You collected 55 gold pieces.

Inventory:

Hand weapons
 l - a +2,+1 dagger of flaming (weapon)
 p - a +1,+2 dagger of speed (quivered)
Armour
 a - a +0 robe (worn)
 b - a +0 wizard hat (worn)
Scrolls
 d - a scroll of curse jewellery {unknown}
 e - 2 scrolls of teleportation {unknown}
 h - a scroll of curse armour {unknown}
 i - a scroll of enchant weapon I {unknown}
 j - a scroll of random uselessness {unknown}
 k - a scroll of identify {unknown}
 m - a scroll of magic mapping {unknown}
 n - 2 scrolls of remove curse {unknown}
 q - a scroll of enchant weapon II {unknown}
 r - a scroll of fear {unknown}
Jewellery
 f - a +3 ring of dexterity (left hand)
Potions
 g - a potion of agility
Books
 c - a book of Minor Magic

   Spells                             Type                      Level
   *Magic Dart                        Conjuration                  1
   Blink                              Translocation                2
   Call Imp                           Summoning                    2
   Repel Missiles                     Charms/Air                   2
   Slow                               Hexes                        2
   *Conjure Flame                     Conjuration/Fire             3
   *Mephitic Cloud                    Conjuration/Poison/Air       3


   Skills:
 - Level 2.1 Dodging
 - Level 3.0 Stealth
 - Level 3.0 Spellcasting
 * Level 3.5 Conjurations
   Level 1.0 Summonings
   Level 0.7 Translocations


You had 2 spell levels left.
You knew the following spells:

 Your Spells              Type           Power        Failure   Level  Hunger
a - Magic Dart            Conj           ###.         3%          1    None
d - Mephitic Cloud        Conj/Pois/Air  #.......     30%         3    ###....
s - Conjure Flame         Conj/Fire      ##......     21%         3    ###....


Dungeon Overview and Level Annotations

Branches:
Dungeon (3/27)

Altars:
Yredelemnul
Zin


Innate Abilities, Weirdness & Mutations

Your natural rate of healing is unusually fast.
You have razor-sharp teeth.*
You have supernaturally acute eyesight.
You can survive without breathing.*


Message History

The orc priest is severely wounded.
The orc priest hits you with an orcish war axe!
* * * LOW HITPOINT WARNING * * *
You hit the orc priest but do no damage.
The orc priest is severely wounded.
Casting: Magic Dart
Confirm with . or Enter, or press ? or * to list all spells.
Aiming: Magic Dart
Press: ? - help, Shift-Dir - straight line, f/p - orc priest
Aim: an orc priest, wielding an orcish war axe and wearing an orcish scale mail (severely wounded)
The magic dart hits the orc priest.
The orc priest is severely wounded.
The orc priest looks braver.
You hit the orc priest but do no damage.
The orc priest is severely wounded.
The orc priest closely misses you.
You hit the orc priest but do no damage.
The orc priest is severely wounded.
The orc priest hits you with an orcish war axe.
You die...

.....######..###...## ...
####
.............###...##.#...
.....######...............
###### #..###..###..#.#
#..###..# .o. #.......#
#.#. #.####...........
##.#########..#.#.#
#......@o)...%.....
#.......##....(.#..
#.......##......#
#.......##......#
#.......##......#
#.......##......#
#.......####.##. ##.######
.# #.


You could see an orc priest.

Vanquished Creatures
  Ijyb (D:3)
  4 adders
  A giant mite (D:1)
  An ooze (D:1)
  4 orcs
  5 giant cockroaches
  11 goblins
  4 hobgoblins
  A quokka (D:2)
  A ball python (D:2)
  5 bats
  3 giant newts
  5 jackals
  9 kobolds
  6 rats
61 creatures vanquished.

Notes
Turn   | Place    | Note
--------------------------------------------------------------
     0 | D:1      | PolkaDot, the Vampire Wizard, began the quest for the Orb.
     0 | D:1      | Reached XP level 1. HP: 11/11 MP: 6/6
    66 | D:1      | Reached skill level 1 in Conjurations
   405 | D:1      | Reached XP level 2. HP: 17/17 MP: 5/8
   971 | D:1      | Reached XP level 3. HP: 15/22 MP: 2/10
  1229 | D:2      | Learned a level 3 spell: Conjure Flame
  1233 | D:2      | Learned a level 3 spell: Mephitic Cloud
  1745 | D:2      | Reached XP level 4. HP: 28/28 MP: 8/12
  1949 | D:3      | Noticed Ijyb
  1958 | D:3      | Killed Ijyb
  2312 | D:3      | Found a basalt altar of Yredelemnul.
  2312 | D:3      | Found a glowing silver altar of Zin.
  2456 | D:3      | Slain by an orc priest

Action                   |  1- 3 |  4- 6 || total
-------------------------+-------+-------++-------
Melee: Short sword       |     4 |       ||     4
       Unarmed           |     1 |       ||     1
       Dagger            |     6 |    15 ||    21
 Cast: Magic Dart        |   103 |    46 ||   149
  Use: Potion            |     1 |     3 ||     4
 Stab: Sleeping          |     2 |     3 ||     5
